 Dungeon Crawl Stone Soup version 0.31-a0-230-g09eb5fc4d3 (webtiles) character file.

Game seed: 11449270604011641920

49 qw the Shooter (level 3, -10/29 HPs)
             Began as a Minotaur Hexslinger on July 6, 2023.
             Shot with an arrow by a centaur (13 damage)
             ... on level 3 of the Dungeon.
             The game lasted 00:00:29 (1382 turns).

qw the Shooter (Minotaur Hexslinger)                Turns: 1382, Time: 00:00:29

Health: -10/29     AC:  7    Str: 12    XL:     3   Next: 51%
Magic:  3/3        EV: 11    Int: 10    God:
Gold:   124        SH:  0    Dex: 14    Spells: 3/4 levels left

rFire   . . .        Y - +1 sling (freeze)
rCold   . . .        (no shield)
rNeg    . . .        k - +0 ring mail
rPois   .            (helmet restricted)
rElec   .            a - +0 cloak
rCorr   .            (no gloves)
SInv    .            l - +0 pair of boots
Will    .....        (no amulet)
Stlth   +            (no ring)
HPRegen 0.24/turn    (no ring)
MPRegen 0.08/turn

%: no passive effects
@: no status effects
A: horns 2, retaliatory headbutt
a: no special abilities


You were on level 3 of the Dungeon.
You visited 1 branch of the dungeon, and saw 3 of its levels.

You collected 124 gold pieces.


Innate Abilities, Weirdness & Mutations

You have a pair of horns on your head.
You reflexively headbutt those who attack you in melee.


   Skills:
 - Level 2.0 Fighting
 + Level 3.8 Ranged Weapons
 - Level 1.1 Armour
 - Level 2.1 Dodging
 - Level 1.0 Spellcasting
 - Level 2.0 Hexes


You had 3 spell levels left.
You knew the following spells:

 Your Spells              Type           Power      Damage    Failure   Level
a - Slow                  Hex            16%        N/A       34%         1

Your spell library contained the following spells:

 Spells                   Type           Power      Damage    Failure   Level
 Inner Flame              Hex/Fire       2%         N/A       83%         3
 Portal Projectile        Hex/Tloc       4%         N/A       83%         3
 Cause Fear               Hex            2%         N/A       98%         4

Inventory:

Hand Weapons
 Y - a +1 sling of freezing (weapon)
Armour
 a - a +0 cloak (worn)
 k - a +0 ring mail (worn)
 l - a +0 pair of boots (worn)
Jewellery
 b - a ring of fire
Scrolls
 c - 3 scrolls of identify
Potions
 h - a potion of cancellation

Dungeon Overview and Level Annotations

Branches:
Dungeon (3/15)

Altars:
Dithmenos


Message History

Found a stone staircase leading up.
Enter note:
Enter note: A centaur comes into view.
The centaur shouts!
The centaur wields a +0 orcbow.
The centaur shoots an arrow.
The arrow hits you!
Enter note:
Enter note: You shoot a sling bullet.
The sling bullet barely misses the centaur.
The centaur shoots an arrow.
The arrow barely misses you.
You shoot a sling bullet. The sling bullet hits the centaur.
The sling bullet freezes the centaur.
The centaur is moderately wounded.
The centaur shoots an arrow.
The arrow hits you.
You shoot a sling bullet.
The sling bullet closely misses the centaur.
The centaur shoots an arrow.
The arrow hits you.
1378 ||| DRINKING potion of heal wounds.
You feel much better.
The centaur shoots an arrow.
The arrow hits you.
The centaur shoots an arrow.
The arrow hits you.
You shoot a sling bullet.
The sling bullet barely misses the centaur.
The centaur shoots an arrow.
The arrow closely misses you.
The centaur shoots an arrow.
The arrow hits you but does no damage.
You shoot a sling bullet. The sling bullet hits the centaur.
The sling bullet freezes the centaur.
The centaur is heavily wounded.
The centaur shoots an arrow.
The arrow hits you!
You shoot a sling bullet.
The sling bullet barely misses the centaur.
The centaur shoots an arrow.
The arrow barely misses you.
The centaur shoots an arrow.
The arrow closely misses you.
The centaur shoots an arrow.
The arrow hits you!
You shoot a sling bullet. The sling bullet hits the centaur.
The sling bullet freezes the centaur.
The centaur is severely wounded.
The centaur shoots an arrow.
The arrow hits you!
You die...

..<.#######
.....................#
....########.........#
....########.........
#....)....##......
...............#######.
.....######.##.#
...#.######.##.#
..##.....##.##.#
.###.###.##.##.#


You could see a centaur.

Vanquished Creatures
  An adder (D:3)
  A dart slug (D:3)
  An orc (D:3)
  3 ball pythons (D:1)
  2 bats (D:1)
  5 endoplasms
  3 giant cockroaches
  2 goblins (D:1)
  A hobgoblin (D:1)
  6 kobolds
  3 quokkas (D:1)
  2 frilled lizards
  A rat (D:2)
31 creatures vanquished.

Notes
Turn   | Place    | Note
-------+----------+-------------------------------------------
     0 | D:1      | qw the Minotaur Hexslinger began the quest for the Orb.
     0 | D:1      | Reached XP level 1. HP: 16/16 MP: 1/1
     0 | D:1      | 0 ||| qw: Version: 0.3-a-46-gb1f654a
     0 | D:1      | 0 ||| qw: Game counter: 1761
     0 | D:1      | 0 ||| qw: Melee chars always use a shield: true
     0 | D:1      | 0 ||| qw: God list: Okawaru
     0 | D:1      | 0 ||| qw: Allow faded altars: false
     0 | D:1      | 0 ||| qw: Do Orc after clearing Dungeon:15 true
     0 | D:1      | 0 ||| qw: Do second Lair branch before Depths: true
     0 | D:1      | 0 ||| qw: Lair rune preference: random
     0 | D:1      | 0 ||| qw: Goals: Normal
     0 | D:1      | 0 ||| PLANNING D:1-11
   216 | D:1      | Reached skill level 3 in Ranged Weapons
   216 | D:1      | Reached XP level 2. HP: 23/23 MP: 2/2
   679 | D:1      | 679 ||| UPGRADING to +0 leather armour.
   689 | D:1      | 689 ||| DROPPING +0 robe.
   690 | D:1      | 690 ||| READING scroll labelled FYIKIN LAIB.
   691 | D:1      | 691 ||| READING scroll labelled UKOGOFROCUQ.
   694 | D:1      | 694 ||| READING scroll labelled EKINUA VIDIMA.
   695 | D:1      | 695 ||| DROPPING scroll of poison.
   823 | D:2      | Reached XP level 3. HP: 29/29 MP: 3/3
   865 | D:2      | Found a shadowy altar of Dithmenos.
  1066 | D:2      | Found a faded altar of an unknown god.
  1246 | D:2      | 1246 ||| UPGRADING to +0 cloak.
  1251 | D:2      | 1251 ||| DROPPING scarf of harm.
  1252 | D:2      | 1252 ||| UPGRADING to +0 ring mail.
  1262 | D:2      | 1262 ||| DROPPING +0 leather armour.
  1263 | D:2      | 1263 ||| UPGRADING to +0 pair of boots.
  1268 | D:2      | 1268 ||| READING scroll labelled OXTORA CODAI.
  1269 | D:2      | 1269 ||| READING scroll labelled NIELAILEPLA.
  1270 | D:2      | 1270 ||| READING scroll labelled ALYNGOUCAH.
  1271 | D:2      | 1271 ||| READING 6 scrolls of identify.
  1271 | D:2      | 1271 ||| IDENTIFYING bubbling clear potion
  1272 | D:2      | 1272 ||| READING 5 scrolls of identify.
  1272 | D:2      | 1272 ||| IDENTIFYING fuming golden potion
  1273 | D:2      | 1273 ||| READING 4 scrolls of identify.
  1273 | D:2      | 1273 ||| IDENTIFYING black potion
  1274 | D:2      | 1274 ||| DROPPING potion of brilliance.
  1294 | D:3      | Reached skill level 1 in Armour
  1374 | D:3      | Noticed a centaur
  1377 | D:3      | HP: 7/29 [centaur/arrow (6)]
  1378 | D:3      | 1378 ||| DRINKING potion of heal wounds.
  1381 | D:3      | HP: 3/29 [centaur/arrow (10)]
  1382 | D:3      | Shot with an arrow by a centaur

Levels and vault maps discovered:
D:1:      dpeg_arrival_erosion, layout_loops_ring
D:2:      layout_rooms, basic_altar, hellmonk_ecumenical_altar_lost_god,
          grunt_decor_fettered, kennysheep_nub
D:3:      cheibrodos_thug_alley, layout_loops_ring, mainiacjoe_overflow_catwalk,
          serial_shops, shop, minmay_lizard_king, uniq_grinder

Skill      XL: |  1  2  3 |
---------------+----------+-----
Ranged Weapons | 3 |  3.8
Fighting       | 2 |  2.0
Armour         | 1 |  1.1
Dodging        | |  2.1
Spellcasting   | |  1.0
Hexes          | |  2.0

Action                     || total
---------------------------++-------
   Fire: Sling             ||    85
    Use: Scroll            ||     9
         Potion            ||     1
 Armour: Robe              ||     3
         Ring mail         ||     4
  Dodge: Dodged            ||    16

Table legend:
 A = Non-vault XP
 B = Vault XP
 C = Vault XP percentage of total XP
 D = Non-vault monster count
 E = Vault monster count
 F = Vault count percentage of total count
                 A         B        C        D         E       F
            +---------+---------+-------+---------+---------+-------
      Total |      70 |       0 |   0.0 |      31 |       0 |   0.0
            +---------+---------+-------+---------+---------+-------
        D:1 |      37 |       0 |   0.0 |      20 |       0 |   0.0
        D:2 |       8 |       0 |   0.0 |       6 |       0 |   0.0
        D:3 |      25 |       0 |   0.0 |       5 |       0 |   0.0
            +---------+---------+-------+---------+---------+-------
